 Dungeon Crawl Stone Soup version 0.32-a0-91-gc7ef563 (webtiles) character file.

Game seed: 750084500563288072

122 Dorkslayer the Ruffian (level 5, -6/36 HPs)
             Began as an Octopode Fighter on Feb 5, 2024.
             Killed by divine providence
             ... invoked by an orc priest
              (13 damage)
             ... on level 3 of the Dungeon.
             The game lasted 00:03:27 (1806 turns).

Dorkslayer the Ruffian (Octopode Fighter)           Turns: 1806, Time: 00:03:28

Health: -6/36      AC:  5    Str: 17    XL:     5   Next: 6%
Magic:  5/5        EV: 18    Int: 10    God:
Gold:   153        SH:  4    Dex: 12    Spells: 4/4 levels left

rFire   . .          .
                       - Unarmed
rCold   . . .        a - +0 buckler
rNeg    . . .        (helmet restricted)
rPois   .            (no amulet)
rElec   .            h - +5 ring of evasion
rCorr   .            k - +4 ring of protection
SInv    .            o - ring of willpower
Will    +....        (no ring)
Stlth   +++          (no ring)
HPRegen 0.26/turn    (no ring)
MPRegen 0.09/turn    (no ring)
                     (no ring)

%: no passive effects
@: hasted, very quick
A: almost no armour, amphibious, 8 rings, camouflage 1, gelatinous body 1,
(nimble swimmer 1), tentacles
a: no special abilities


You were on level 3 of the Dungeon.
You visited 1 branch of the dungeon, and saw 3 of its levels.

You collected 153 gold pieces.

Inventory:

Missiles
 l - 5 boomerangs (quivered)
Armour
 a - a +0 buckler (worn)
Jewellery
 h - a +5 ring of evasion (left tentacle)
 k - a +4 ring of protection (right tentacle)
 o - a ring of willpower (on tentacle)
Scrolls
 e - a scroll of enchant weapon {unknown}
 f - a scroll of immolation {unknown}
 i - a scroll of silence {unknown}
 j - a scroll of vulnerability {unknown}
 m - 2 scrolls of teleportation {unknown}
Potions
 b - a potion of might
 c - a potion of haste
 g - 2 potions of invisibility


   Skills:
 + Level 3.4 Fighting
 + Level 3.5 Dodging
 + Level 1.8 Stealth
 + Level 3.4 Shields
 * Level 3.6 Unarmed Combat


You had 4 spell levels left.
You didn't know any spells.
Your spell library was empty.

Dungeon Overview and Level Annotations

Branches:
Dungeon (3/15)

Altars:
Qazlal

Shops:
D:2 :


Innate Abilities, Weirdness & Mutations

You cannot wear most types of armour.
You are amphibious.
You can wear up to eight rings at the same time.
Your skin changes colour to match your surroundings (Stealth+).
Your rubbery body absorbs attacks. (AC +1, EV +1)
((You are camouflaged when in or above water. (Stealth+)))
You have tentacles for arms and can constrict up to eight enemies at once.


Message History

An orc priest and 2 orcs come into view.
The orc shouts! x2; The orc priest shouts!
The orc moves out of view.
Found a curved fluorescent wand.
The orc priest looks braver for a moment.
The orc priest invokes the aid of Beogh against you.
Beogh smites you! The orc hits you but does no damage. The orc misses you.
The orc priest hits you with a +2 hand axe of venom!
You are poisoned.
You tentacle-slap the orc priest. Your grab misses the orc priest.
The orc priest is moderately wounded.
You feel very sick. The orc closely misses you. The orc barely misses you.
The orc priest casts a cantrip, but nothing happens.
You block the orc's attack.
Unknown command.
Okay, then.
Okay, then.
You feel yourself speed up.
You feel sick. You block the orc's attack. The orc closely misses you.
You block the orc's attack.
You feel better. The orc misses you. The orc completely misses you.
The orc priest closely misses you. The orc barely misses you.
You block the orc priest's attack.
The orc priest calls upon Beogh to heal the orc priest.
The orc priest's wounds heal themselves!
The orc attacks as it pursues you! The orc hits you with a +0 short sword.
You barely miss the orc. You grab the orc. You constrict the orc.
You tentacle-slap the orc.
The orc is moderately wounded.
You constrict the orc.
The orc priest mumbles some strange prayers to Beogh against you.
Beogh smites you!
* * * LOW HITPOINT WARNING * * *
The orc barely misses you.
You feel better.
You constrict the orc. The orc hits you with a +0 short sword.
* * * LOW HITPOINT WARNING * * *
The orc priest calls down the wrath of Beogh upon you.
Beogh smites you!
You die...

#....#..# ....#.#/#
###...#.. #....#..#
.....#.# #...##>
#....#..# #...<#.# #..
## ####.#..####.#.##.#
##
#.#..........#.######.
#.#.........##........
#.#######...##........
#...........ooo.......
#########..@##........
######........
#........ #........
#.......# #.......#
#.......#


You could see 2 orc priests and an orc.

Vanquished Creatures
  Jessica (D:2)
  2 adders (D:2)
  2 ribbon worms (D:2)
  3 dart slugs
  4 ball pythons
  6 endoplasms
  A giant cockroach (D:3)
  6 goblins
  7 hobgoblins
  8 jackals (D:1)
  3 quokkas
  3 bats
  A frilled lizard (D:1)
  8 kobolds
  5 rats
60 creatures vanquished.

Notes
Turn   | Place    | Note
-------+----------+-------------------------------------------
     0 | D:1      | Dorkslayer the Octopode Fighter began the quest for the
                  | Orb.
     0 | D:1      | Reached XP level 1. HP: 16/16 MP: 1/1
    74 | D:1      | Found a faded altar of an unknown god.
   145 | D:1      | Reached XP level 2. HP: 21/21 MP: 2/2
   399 | D:1      | Reached XP level 3. HP: 26/26 MP: 3/3
   703 | D:2      | Noticed Jessica
   711 | D:2      | Killed Jessica
   712 | D:2      | Reached skill level 1 in Stealth
   712 | D:2      | Reached XP level 4. HP: 31/31 MP: 4/4
  1154 | D:2      | Found Caoxuif's Book Shop.
  1573 | D:3      | Found a stormy altar of Qazlal.
  1590 | D:3      | Reached XP level 5. HP: 32/36 MP: 5/5
  1806 | D:3      | Killed from afar by an orc priest

Illustrated notes

Levels and vault maps discovered:
D:1:      onia_arrival_pentagram, layout_basic,
          ebering_ecumenical_altar_sacrificial
D:2:      layout_loops_cross, serial_shops, nicolae_shop_advertising_works
          [nicolae_subvault_shop_adworks], minmay_octomino_j4, uniq_jessica
D:3:      layout_basic, nicolae_qazlal_scattered_showers,
          minmay_misc_feat_columns

Skill      XL: |  1  2  3  4 |
---------------+-------------+-----
Stealth        | 1 |  1.8
Unarmed Combat | 3 |  3.6
Fighting       | |  3.4
Dodging        | |  3.5
Shields        | |  3.4

Action                     |  1- 3 |  4- 6 || total
---------------------------+-------+-------++-------
  Melee: Unarmed           |    53 |    72 ||   125
         Tentacles         |     7 |     8 ||    15
         Constrict         |    13 |    16 ||    29
         Punch             |     4 |     5 ||     9
    Use: Scroll            |       |     4 ||     4
         Potion            |       |     3 ||     3
   Stab: Sleeping          |     4 |     6 ||    10
 Armour: Skin              |    25 |    14 ||    39
  Dodge: Dodged            |    33 |    44 ||    77
  Block: Buckler           |    14 |    18 ||    32

Table legend: (Time is in decaauts)
 A = Elapsed time spent in this place.
 B = Non-inter-level travel time spent in this place.
 C = Inter-level travel time spent in this place.
 D = Time resting spent in this place.
 E = Time spent auto-exploring this place.
 F = Levels seen in this place.
 G = Mean time per level.
                   A        B        C        D        E       F      G
               +--------+--------+--------+--------+--------+-----+--------+
         Total |   1799 |   1799 |      0 |      0 |   1194 |   3 |  599.7 |
       Dungeon |   1799 |   1799 |      0 |      0 |   1194 |   3 |  599.7 |
               +--------+--------+--------+--------+--------+-----+--------+

Top non-repeatable levels by time:
     D:2: 851 daAuts
     D:1: 673 daAuts
     D:3: 275 daAuts
